 Dungeon Crawl Stone Soup version 0.30-a0-272-gf98c3da03f (webtiles) character file.

Game seed: 1916781865289104879

1488 Lanoc the Conjurer (level 8, -1/57 HPs)
             Began as a Green Draconian Fire Elementalist on Oct 15, 2022.
             Was a Believer of Vehumet.
             Killed by an exploding orc warrior (49 damage)
             ... ignited by their inner flame
             ... on level 7 of the Dungeon.
             The game lasted 00:15:53 (6183 turns).

Lanoc the Conjurer (DrFE)                           Turns: 6183, Time: 00:15:53

Health: -1/57      AC: 10    Str: 11    XL:     8   Next: 51%
Magic:  3/11       EV: 13    Int: 23    God:    Vehumet [**....]
Gold:   312        SH:  0    Dex: 11    Spells: 8/11 levels left

rFire   . . .      SeeInvis .    v - staff of conjuration
rCold   . . .      Faith    .    (no shield)
rNeg    . . .      Spirit   .    (body armour unavailable)
rPois   +          Reflect  .    (helmet restricted)
rElec   .          Harm     .    (no cloak)
rCorr   +          Rampage  .    (no gloves)
Will    +....                    (no boots)
Stlth   ++........               (no amulet)
HPRegen 0.29/turn                h - ring of resist corrosion
MPRegen 0.12/turn                z - ring of Ugam {Will+ AC+4 Int+5}

@: short of breath, very slightly contaminated
A: breathe noxious fumes, AC +6, unfitting armour, poison resistance,
cold-blooded
a: Breathe Noxious Fumes, Renounce Religion


You were on level 7 of the Dungeon.
You worshipped Vehumet.
Vehumet was pleased with you.
You visited 2 branches of the dungeon, and saw 8 of its levels.

You collected 312 gold pieces.

Inventory:

Magical Staves
 v - a staff of conjuration (weapon)
Jewellery
 h - a ring of resist corrosion (left hand)
 y - a ring of willpower
 z - the ring of Ugam (right hand) {Will+ AC+4 Int+5}
   (You found it on level 7 of the Dungeon)

   [ring of protection]

   AC:        It affects your AC (+4).
   Int:       It affects your intelligence (+5).
   Will:      It increases your willpower.
Wands
 k - a wand of quicksilver (9)
 m - a wand of flame (30)
 u - a wand of iceblast (27)
Scrolls
 b - a scroll of immolation
 c - a scroll of vulnerability {unknown}
 e - a scroll of blinking
 f - a scroll of brand weapon {unknown}
 g - a scroll of amnesia {unknown}
 i - 4 scrolls of identify {unknown}
 j - a scroll of noise {unknown}
 l - a scroll of fear {unknown}
 p - 2 scrolls of summoning {unknown}
 q - a scroll of butterflies {unknown}
 r - a scroll of enchant weapon {unknown}
 w - a scroll of teleportation {unknown}
Potions
 a - 2 potions of magic
 d - 3 potions of curing
 n - a potion of brilliance {unknown}
 o - a potion of heal wounds
 s - 2 potions of might {unknown}
 t - 2 potions of resistance {unknown}
 x - a potion of flight {unknown}
 A - a potion of experience {unknown}


   Skills:
 + Level 5.7 Dodging
 - Level 1.7 Stealth
 - Level 2.0 Spellcasting
 * Level 7.8 Conjurations
 - Level 5.0 Fire Magic


You had 8 spell levels left.
You knew the following spells:

 Your Spells              Type           Power      Damage    Failure   Level
e - Foxfire               Conj/Fire      100%       2x1d9     1%          1
f - Scorch                Fire           50%        2d7       2%          2

Your spell library contained the following spells:

 Spells                   Type           Power      Damage    Failure   Level
 Freeze                   Ice            8%         1d3       13%         1
 Flame Wave               Conj/Fire      47%        2d12      9%          4
 Inner Flame              Hex/Fire       13%        N/A       14%         3
 Kindle Blastsparks       Fire/Tloc/Air  20%        2d11      19%         3
 Gell's Gravitas          Tloc           2%         N/A       36%         3
 Lesser Beckoning         Tloc           4%         N/A       36%         3
 Teleport Other           Tloc           2%         N/A       36%         3


Dungeon Overview and Level Annotations

Branches:
Dungeon (7/15)             Temple (1/1) D:5

Altars:
Cheibriados
Dithmenos
Elyvilon
Fedhas
Kikubaaqudgha
Nemelex Xobeh
Okawaru
Qazlal
Ru
Sif Muna
Trog
Vehumet
Zin

Shops:
D:3 ((


Innate Abilities, Weirdness & Mutations

You can breathe blasts of noxious fumes.
Your lurid green scales are hard. (AC +6)
You cannot fit into any form of body armour.
Your system is resistant to poisons. (rPois)
You are cold-blooded and may be slowed by cold attacks.


Message History

The orc warrior is moderately wounded.
The orc warrior is engulfed in blazing flames.
Flame seeps out of the orc warrior.
The orc warrior attacks as you move away!
The orc warrior hits you with a +0 scimitar.
Aiming: Breathe Noxious Fumes (4% risk of failure)
Press: ? - help, Shift-Dir - straight line, f - orc warrior
Aim: an orc warrior, wielding a +0 scimitar and wearing a +0 plate armour of fire resistance (heavily wounded, inner flame, 59% to hit)
You exhale a blast of noxious fumes.
The blast of choking fumes hits the orc warrior.
Flame seeps out of the orc warrior.
The orc warrior is severely wounded.
The orc warrior is engulfed in blazing flames.
Flame seeps out of the orc warrior.
The orc warrior hits you with a +0 scimitar!
The orc priest calls upon Beogh to heal the orc warrior.
The orc warrior is healed somewhat.
The orc warrior is engulfed in blazing flames.
Flame seeps out of the orc warrior.
The orc priest invokes the aid of Beogh against you.
Beogh smites you!
* * * LOW HITPOINT WARNING * * *
You feel much better.
Casting: Foxfire (safe; 1% risk of failure)
Confirm with . or Enter, or press ? or * to list all spells.
You miscast Scorch.
Nothing appears to happen.
The orc warrior closely misses you.
The orc priest begins to cast a cantrip, but forgets the words!
Casting: Scorch (safe; 2% risk of failure)
Confirm with . or Enter, or press ? or * to list all spells.
Flames lash the orc warrior.
The orc warrior resists.
Flame seeps out of the orc warrior.
The orc warrior is almost dead.
The orc warrior's fire resistance burns away.
The orc warrior is engulfed in blazing flames.
Vehumet accepts your kill.
The orc warrior explodes!
The fiery explosion engulfs you!!!
Ouch! That really hurt!
You die...

########### ..........###########
.........†..........##### ######
..######.......§§.......####....(
..#............§○§...##..........
.[#.####..####.§@o..o...........#
..#.# #..# #..###.######..)....
..#.# #..# #.. #.# ###)####
..#.####..## #.# #.# #.####
.##........###.# #.# #..).g
.##..###....##.####.# ######
....##.##.#.##....#.#
....#.).#...##.##.#.#
..####.####..#.#....#


You could see an orc priest (inner flame) and an orc (inner flame).

Vanquished Creatures
  A steam dragon (D:6)
  Edmund (D:5)
  An orc warrior (D:7)
  An ogre (D:7)
  2 phantoms (D:6)
  A necrophage (D:3)
  A bullfrog (D:6)
  A scorpion (D:5)
  3 killer bees (D:7)
  3 jellies
  5 orc priests
  2 hounds
  A gnoll bouda (D:7)
  3 iguanas
  3 orc wizards
  4 gnolls (D:7)
  6 adders
  A white imp (D:6)
  2 ufetubi
  2 worms
  2 dart slugs
  19 orcs
  5 endoplasms
  2 giant cockroaches
  10 goblins
  4 hobgoblins
  3 jackals (D:1)
  6 kobolds
  4 quokkas
  8 ball pythons
  7 bats
  19 frilled lizards
  4 rats
137 creatures vanquished.

Vanquished Creatures (others)
  506 foxfires
  5 plants (D:3)
511 creatures vanquished.

Grand Total: 648 creatures vanquished

Notes
Turn   | Place    | Note
-------+----------+-------------------------------------------
     0 | D:1      | Lanoc the Draconian Fire Elementalist began the quest for
                  | the Orb.
     0 | D:1      | Reached XP level 1. HP: 14/14 MP: 3/3
   204 | D:1      | Reached XP level 2. HP: 20/20 MP: 1/5
   329 | D:1      | You fall into a shaft and drop 1 floor!
   620 | D:2      | Reached XP level 3. HP: 26/26 MP: 2/6
   881 | D:2      | Reached skill level 2 in Conjurations
  1553 | D:3      | Learned a level 2 spell: Scorch
  1558 | D:3      | Reached XP level 4. HP: 21/33 MP: 0/7
  1666 | D:3      | Found Kehodu's Antique Weapon Emporium.
  1734 | D:3      | Found a faded altar of an unknown god.
  1855 | D:4      | Noticed a necrophage
  2074 | D:3      | Found a stormy altar of Qazlal.
  2104 | D:3      | Reached XP level 5. HP: 17/38 MP: 0/8
  2197 | D:3      | Found a snail-covered altar of Cheibriados.
  2200 | D:3      | Found a white marble altar of Elyvilon.
  2205 | D:3      | Found a radiant altar of Vehumet.
  2209 | D:3      | Became a worshipper of Vehumet
  2277 | D:3      | Found Emydees's Weapon Boutique.
  2522 | D:3      | Reached skill level 3 in Conjurations
  2655 | D:4      | Reached * piety under Vehumet
  2655 | D:4      | Offered knowledge of Shock by Vehumet.
  2815 | D:4      | Reached XP level 6. HP: 45/45 MP: 4/9
  3267 | D:4      | Reached skill level 4 in Conjurations
  3337 | D:4      | Found an ancient bone altar of Kikubaaqudgha.
  3337 | D:4      | Found a bloodstained altar of Trog.
  3526 | D:5      | Entered Level 5 of the Dungeon
  3544 | D:5      | Reached skill level 5 in Fire Magic
  3622 | D:5      | Found a blossoming altar of Fedhas.
  3633 | D:5      | Your scales start taking on a lurid green colour.
  3633 | D:5      | Reached XP level 7. HP: 46/50 MP: 5/10
  3633 | D:5      | Gained mutation: Your system is resistant to poisons.
                  | (rPois) [Green Draconian growth]
  4036 | D:5      | Found a staircase to the Ecumenical Temple.
  4042 | Temple   | Entered the Ecumenical Temple
  4082 | D:5      | Identified the +3 chain mail "Huefavog" {rF+ rN+ SInv}
  4190 | D:5      | Noticed a hornet
  4198 | D:5      | Noticed Edmund
  4221 | D:5      | Killed Edmund
  4222 | D:5      | Reached skill level 5 in Conjurations
  4785 | D:6      | Noticed a steam dragon
  4872 | D:6      | Killed a steam dragon
  4873 | D:6      | Reached skill level 6 in Conjurations
  5168 | D:6      | Reached skill level 5 in Dodging
  5168 | D:6      | Reached XP level 8. HP: 25/57 MP: 2/11
  5701 | D:7      | Reached skill level 7 in Conjurations
  5832 | D:7      | Found a sparkling altar of Nemelex Xobeh.
  6107 | D:7      | Identified the ring of Ugam {Will+ AC+4 Int+5}
  6134 | D:7      | Found an iron altar of Okawaru.
  6160 | D:7      | Reached ** piety under Vehumet
  6160 | D:7      | Offered knowledge of Freeze by Vehumet.
  6183 | D:7      | Killed by an exploding orc warrior... ignited by their
                  | inner flame

Illustrated notes

Levels and vault maps discovered:
D:1:      elethiomel_arrival_quiet, layout_loops_ring, palyth_stone_intersect,
          minmay_tree_intersection
D:2:      layout_rooms
D:3:      layout_rooms, mainiacjoe_overflow_24_doors,
          grunt_temple_overflow_diamond, ebering_ecumenical_altar_ruins,
          serial_shops, nicolae_shop_behind_doors, nicolae_shop_statue_plus,
          minmay_lizard_king
D:4:      layout_rooms, gammafunk_temple_overflow_elements, item_on_display_a
D:5:      layout_gridville, kennysheep_little_box,
          minmay_temple_entry_nine_rooms, uniq_edmund
D:6:      layout_rooms
D:7:      layout_loops_ring, nemelex_dance_club_becter,
          okawaru_ov_weapons_minmay, kennysheep_generic_room_9, uniq_maggie
Temple:   hellmonk_temple_two_chambers

Skill      XL: |  1  2  3  4  5  6  7  8 |
---------------+-------------------------+-----
Dodging        | 2 3 4 5 |  5.7
Conjurations   | 2 3 4 6 7 |  7.8
Fire Magic     | 4 5 |  5.0
Stealth        | |  1.7
Spellcasting   | |  2.0

Action                   |  1- 3 |  4- 6 |  7- 9 || total
-------------------------+-------+-------+-------++-------
Melee: Unarmed           |    40 |    23 |       ||    63
       Tailslap          |     7 |     1 |     5 ||    13
       Punch             |     1 |       |     1 ||     2
       Staff             |       |       |    29 ||    29
 Cast: Foxfire           |    85 |    69 |   147 ||   301
       Scorch            |       |    20 |     5 ||    25
 Abil: Breathe Noxious F |       |       |    11 ||    11
  Use: Potion            |       |       |     5 ||     5
       Scroll            |       |       |     2 ||     2
 Stab: Confused          |       |       |     2 ||     2
Armor: Skin              |    12 |    13 |    12 ||    37
Dodge: Dodged            |    36 |    38 |    38 ||   112

Table legend: (Time is in decaauts)
 A = Elapsed time spent in this place.
 B = Non-inter-level travel time spent in this place.
 C = Inter-level travel time spent in this place.
 D = Time resting spent in this place.
 E = Time spent auto-exploring this place.
 F = Levels seen in this place.
 G = Mean time per level.
                   A        B        C        D        E       F      G
               +--------+--------+--------+--------+--------+-----+--------+
         Total |   6188 |   6005 |    183 |     45 |   5040 |   8 |  773.5 |
       Dungeon |   6186 |   6003 |    183 |     45 |   5040 |   7 |  883.7 |
        Temple |      1 |      1 |      0 |      0 |      0 |   1 |    1.0 |
               +--------+--------+--------+--------+--------+-----+--------+

Top non-repeatable levels by time:
     D:2: 1207 daAuts
     D:5: 1180 daAuts
     D:3: 1104 daAuts
     D:4: 925 daAuts
     D:6: 834 daAuts
     D:7: 604 daAuts
     D:1: 329 daAuts
  Temple: 1 daAuts
